 Dungeon Crawl Stone Soup version 0.28-a0-1117-g0bdd5ba030 (webtiles) character file.

Game seed: 14756135481807474352

727630 browni3141 the Invulnerable (level 27, 0/288 (300) HPs)
             Began as a Formicid Arcane Marksman on Dec 12, 2021.
             Was a Priest of Okawaru.
             Slain by a reaper (29 damage)
             ... called by a doom hound
             ... in the Vestibule of Hell.
             The game lasted 04:55:08 (124378 turns).

browni3141 the Invulnerable (FoAM)                Turns: 124378, Time: 04:55:08

HP:   0/288 (300)   AC: 26    Str: 27      XL:     27
MP:   13/39         EV: 16    Int: 21      God:    Okawaru [***...]
Gold: 7435          SH: 32    Dex: 12 (15) Spells: 27/45 levels left

rFire   . . .      SeeInvis +   b - +10 great mace "Cuenwyar" {flame, rCorr Int+4}
rCold   + + +      Faith    .   v - +5 tower shield of Uruujuism {Fly Dex-5 Slay+2}
rNeg    + . .      Spirit   .   (armour currently unavailable)
rPois   ∞          Reflect  +   (helmet unavailable)
rElec   +          Harm     .   W - scarf {rC+ rF+}
rCorr   +          Rampage  +   (gloves currently unavailable)
Will    +++..      Clarity  +   (boots currently unavailable)
Stlth   +++++.....              i - amulet "Diriecue" {Reflect Rampage SH+5}
HPRegen 0.58/turn               c - ring "Utzacrol" {rElec rC+ Will+ SInv}
MPRegen 0.26/turn               h - ring "Dixto" {Ice Int+4 Dex+7 Slay+3}

@: statue-form, heroic, doom-hounded, flying, very slightly contaminated,
studying 2 skills, lightly drained, very slow
A: slow and powerful, torment resistance 1, boosted hp, permanent stasis, dig
shafts and tunnels, antennae 3, four strong arms, talons 2, (iridescent scales
1), agile 1, clarity, deformed body, sense surroundings 1, weak 1
}: 5/15 runes: decaying, serpentine, slimy, silver, abyssal
a: Dig, End Transformation, Renounce Religion, Heroism


You were in the Vestibule of Hell.
You worshipped Okawaru.
Okawaru was most pleased with you.
You were a living statue of rough stone.
You visited 16 branches of the dungeon, and saw 62 of its levels.
You visited the Abyss 2 times.
You visited 1 bazaar.
You also visited: Bailey, Ice Cave and Volcano.

You collected 10636 gold pieces.
You spent 3201 gold pieces at shops.

Inventory:

Hand Weapons
 a - a +9 triple crossbow of freezing
 b - the +10 great mace "Cuenwyar" (weapon) {flame, rCorr Int+4}
   (Okawaru gifted it to you on level 5 of the Vaults)

   It burns those it strikes, dealing additional fire damage.
   Int:       It affects your intelligence (+4).
   rCorr:     It protects you from acid and corrosion.
 g - the +6 arbalest "Iju Kalo" {freeze, rN+++ Int-2 Dex+3 Stlth+}
   (Okawaru gifted it to you on level 3 of the Snake Pit)

   Any ammunition fired from it freezes those it strikes, dealing additional
   cold damage.
   It can also slow down cold-blooded creatures.
   Int:       It affects your intelligence (-2).
   Dex:       It affects your dexterity (+3).
   rN:        It renders you almost immune to negative energy.
   Stlth:     It makes you more stealthy.
 H - the +10 demon whip "Dragonbane" {elec, rElec Will+ SInv}
   (Okawaru gifted it to you on level 2 of the Depths)

   It occasionally discharges a powerful burst of electricity upon striking a
   foe.
   rElec:     It insulates you from electricity.
   SInv:      It lets you see invisible.
   Will:      It increases your willpower.
 L - the +9 arbalest of Disintegration {venom, rF+ rC+ Dex+4}
   (Okawaru gifted it to you on level 4 of the Snake Pit)

   Any ammunition fired from it poisons the flesh of those it strikes.
   Dex:       It affects your dexterity (+4).
   rF:        It protects you from fire.
   rC:        It protects you from cold.
 V - the +3 great mace of Success {antimagic, rF+++ Str-3}
   (Okawaru gifted it to you on level 1 of the Orcish Mines)

   It reduces the magical energy of the wielder, and disrupts the spells and
   magical abilities of those it strikes.
   Natural abilities and divine invocations are not affected.
   Str:       It affects your strength (-3).
   rF:        It renders you almost immune to fire.
Missiles
 G - 2322 bolts
 N - 2 throwing nets
Armour
 n - a +11 crystal plate armour of cold resistance (melded)
 s - the +2 pair of boots of the Morning (melded) {*Slow Str+4}
   (Okawaru gifted it to you in a volcano)

   Str:       It affects your strength (+4).
   *Slow:     It may slow you when you take damage.
 v - the +5 tower shield of Uruujuism (worn) {Fly Dex-5 Slay+2}
   (You acquired it on level 1 of the Lair of Beasts)

   Dex:       It affects your dexterity (-5).
   Slay:      It affects your accuracy & damage with ranged weapons and melee
   (+2).
   Fly:       It grants you flight.
 y - a +2 pair of gloves of dexterity (melded)
 z - the +1 pair of boots of Idealism {Dex+5}
   (Okawaru gifted it to you on level 4 of the Swamp)

   Dex:       It affects your dexterity (+5).
 K - a +1 pair of gloves of strength
 W - a scarf of resistance (worn)
Jewellery
 c - the ring "Utzacrol" (left fist) {rElec rC+ Will+ SInv}
   (You found it on level 5 of the Pits of Slime)

   [ring of see invisible]

   rC:        It protects you from cold.
   rElec:     It insulates you from electricity.
   SInv:      It lets you see invisible.
   Will:      It increases your willpower.
 h - the ring "Dixto" (right fist) {Ice Int+4 Dex+7 Slay+3}
   (You took it off a deep elf sorcerer on level 3 of the Elven Halls)

   [ring of ice]

   It enhances your ice magic.
   Int:       It affects your intelligence (+4).
   Dex:       It affects your dexterity (+7).
   Slay:      It affects your accuracy & damage with ranged weapons and melee
   (+3).
   rF:        It makes you vulnerable to fire.
   rC:        It protects you from cold.
 i - the amulet "Diriecue" (around neck) {Reflect Rampage SH+5}
   (You found it on level 2 of the Lair of Beasts)

   [amulet of reflection]

   It reflects blocked missile attacks.
   SH:        It affects your SH (+5).
   Rampage:   It bestows one free step when moving towards enemies.
 m - a ring of willpower
 t - a ring of wizardry
 M - a ring of positive energy
 Q - an amulet of faith
 T - a +6 ring of dexterity
Wands
 B - a wand of acid (13)
 F - a wand of mindburst (22)
 Y - a wand of paralysis (20)
Scrolls
 k - 9 scrolls of immolation
 l - 2 scrolls of holy word
 u - 11 scrolls of amnesia
 w - 8 scrolls of noise
 A - 8 scrolls of magic mapping
 D - a scroll of silence
 E - 2 scrolls of enchant weapon
 J - 9 scrolls of vulnerability
 O - 8 scrolls of fog
 P - 5 scrolls of summoning
 R - 2 scrolls of brand weapon
 U - 5 scrolls of fear
Potions
 e - 4 potions of invisibility
 j - 8 potions of magic
 o - 9 potions of curing
 p - 9 potions of might
 q - 2 potions of mutation
 r - 14 potions of attraction
 x - 13 potions of lignification
 C - 13 potions of flight
 I - 3 potions of cancellation
 S - 2 potions of ambrosia
 Z - 5 potions of brilliance
Miscellaneous
 f - the horn of Geryon
 X - a phial of floods


   Skills:
 - Level 22.1(27) Fighting
 - Level 21.4(26.4) Maces & Flails
 * Level 22.2(27) Crossbows
 O Level 27 Armour
 - Level 6.2(11.2) Dodging
 - Level 7.8(12.8) Stealth
 - Level 18.2(23.2) Shields
 - Level 9.8 Spellcasting
 - Level 11.9 Hexes
 - Level 5.0 Translocations
 * Level 12.0 Transmutations
 * Level 13.0 Earth Magic
 - Level 25.6 Invocations


You had 27 spell levels left.
You knew the following spells:

 Your Spells              Type           Power      Damage    Failure   Level
a - Slow                  Hex            100%       N/A       1%          1
b - Portal Projectile     Hex/Tloc       90%        N/A       1%          3
c - Inner Flame           Hex/Fire       35%        N/A       1%          3
d - Cause Fear            Hex            28%        N/A       1%          4
e - Apportation           Tloc           62%        N/A       1%          1
f - Statue Form           Tmut/Erth      38%        N/A       6%          6

Your spell library contained the following spells:

 Spells                   Type           Power      Damage    Failure   Level
 Sandblast                Erth           100%       2d20      1%          1
 Ensorcelled Hibernation  Hex/Ice        100%       N/A       1%          2
 Passwall                 Tmut/Erth      48%        N/A       1%          2
 Wereblood                Tmut           57%        N/A       1%          2
 Confusing Touch          Hex            57%        N/A       1%          3
 Dazzling Flash           Conj/Hex       70%        N/A       1%          3
 Spider Form              Tmut/Pois      35%        N/A       1%          3
 Stone Arrow              Conj/Erth      74%        3d11      1%          3
 Leda's Liquefaction      Hex/Erth       29%        N/A       1%          4
 Blade Hands              Tmut           28%        N/A       1%          5
 Yara's Violent Unravell  Hex/Tmut       28%        3d12      1%          5
 Gell's Gravitas          Tloc           31%        N/A       2%          3
 Lesser Beckoning         Tloc           31%        N/A       2%          3
 Teleport Other           Tloc           31%        N/A       2%          3
 Fulminant Prism          Conj/Hex       17%        3d11      5%          4
 Ice Form                 Ice/Tmut       52%        N/A       5%          4
 Foxfire                  Conj/Fire      40%        2x1d6     7%          1
 Magic Dart               Conj           40%        1d5       7%          1
 Corpse Rot               Necr/Air       20%        N/A       10%         2
 Poisonous Vapours        Pois/Air       20%        N/A       10%         2
 Scorch                   Fire           20%        2d6       10%         2
 Searing Ray              Conj           20%        2d5       10%         2
 Static Discharge         Conj/Air       10%        N/A       10%         2
 Sublimation of Blood     Necr           10%        N/A       10%         2
 Alistair's Intoxication  Tmut/Pois      23%        N/A       16%         5
 Irradiate                Conj/Tmut      17%        3d19      16%         5
 Metabolic Englaciation   Hex/Ice        26%        N/A       16%         5
 Conjure Flame            Conj/Fire      10%        6-21      21%         3
 Frozen Ramparts          Ice            30%        1d5       21%         3
 Ozocubu's Armour         Ice            15%        N/A       21%         3
 Vampiric Draining        Necr           10%        2d6       21%         3
 Iskenderun's Mystic Bla  Conj/Tloc      20%        2d6       24%         4
 Manifold Assault         Tloc           31%        N/A       24%         5
 Dragon Form              Tmut           28%        N/A       38%         7
 Airstrike                Air            5%         N/A       54%         4
 Dispel Undead            Necr           10%        3d9       54%         4
 Flame Wave               Conj/Fire      10%        2d5       54%         4
 Hailstorm                Conj/Ice       15%        3d5       54%         4
 Sticky Flame             Conj/Fire      10%        2d3       54%         4
 Iron Shot                Conj/Erth      18%        9d4       56%         6
 Eringya's Noxious Bog    Tmut/Pois      17%        N/A       65%         6
 Dispersal                Tloc           15%        N/A       78%         6
 Excruciating Wounds      Necr           5%         N/A       88%         5
 Iskenderun's Battlesphe  Conj           10%        2d6       88%         5
 Lightning Bolt           Conj/Air       5%         1d17      88%         5
 Discord                  Hex            28%        N/A       97%         8
 Storm Form               Tmut/Air       17%        N/A       99%         7
 Starburst                Conj/Fire      5%         6d4       100%        6
 Orb of Destruction       Conj           5%         9d2       100%        7
 Disjunction              Tloc           15%        N/A       100%        8
 Lehudib's Crystal Spear  Conj/Erth      18%        10d6      100%        8
 Maxwell's Capacitive Co  Air            5%         ∞         100%        8
 Chain Lightning          Conj/Air       5%         3d6       100%        9
 Fire Storm               Conj/Fire      5%         8d1       100%        9
 Shatter                  Erth           30%        3d25*     100%        9
 Blink                    Tloc           Unusable   N/A       N/A         2
 Summon Guardian Golem    Hex/Summ       Unusable   N/A       N/A         3
 Tukima's Dance           Hex            Unusable   N/A       N/A         3
 Animate Armour           Summ/Erth      Unusable   N/A       N/A         4
 Summon Small Mammal      Summ           Unusable   N/A       N/A         1
 Call Canine Familiar     Summ           Unusable   N/A       N/A         3
 Swiftness                Air            Unusable   N/A       N/A         3
 Summon Ice Beast         Ice/Summ       Unusable   N/A       N/A         4
 Summon Lightning Spire   Summ/Air       Unusable   N/A       N/A         4
 Summon Forest            Summ/Tloc      Unusable   N/A       N/A         5
 Simulacrum               Ice/Necr       Unusable   N/A       N/A         6
 Summon Cactus Giant      Summ           Unusable   N/A       N/A         6
 Malign Gateway           Summ/Tloc      Unusable   N/A       N/A         7
 Spellforged Servitor     Conj/Summ      Unusable   N/A       N/A         7
 Summon Hydra             Summ           Unusable   N/A       N/A         7

Dungeon Overview and Level Annotations

Branches:
Dungeon (15/15)            Temple (1/1) D:5            Lair (6/6) D:9
  Swamp (4/4) Lair:2        Snake (4/4) Lair:4        Slime (5/5) Lair:6
    Orc (2/2) D:10            Elf (3/3) Orc:2        Vaults (5/5) D:14
  Crypt (3/3) Vaults:2       Tomb (1/3) Crypt:3      Depths (4/4) D:15
   Hell (1/1)                 Dis (0/7) Hell            Geh (0/7) Hell
    Coc (1/7) Hell            Tar (2/7) Hell            Zot (5/5) Depths:4
 Bailey (visited)           IceCv (visited)         Volcano (visited)

Altars:
Dithmenos
Fedhas
Kikubaaqudgha
Makhleb
Nemelex Xobeh
Okawaru
Qazlal
Trog
Uskayaw
Vehumet
Wu Jian
Xom
Yredelemnul
Zin
Beogh
Jiyva

Shops:
D:1 *   Orc:2 *(?((   Elf:1 ([   Snake:1 (   Vaults:3 [   Vaults:5 :
Depths:3 [

Portals:
Hell: Depths:1 Depths:2 Depths:3 Depths:4
Abyss: Depths:2 Depths:3
Pandemonium: Depths:1 Depths:2 Depths:4
Ziggurat: Depths:2

Annotations:
D:4 exclusions: 2 orcs and orc priest


Innate Abilities, Weirdness & Mutations

You are a living statue of rough stone.
Your actions are slow, but your melee attacks are powerful.
You are resistant to unholy torment.
Your maximum health is greatly increased.
You are immune to poison.
Your equipment is partially melded.
You cannot be hasted, slowed, berserked, paralysed or teleported.
You can dig through walls and to a lower floor.
You have a pair of large antennae on your head. (SInv)
Your four strong arms can wield two-handed weapons with a shield.
You have razor-sharp toenails.
((You are partially covered in iridescent scales. (AC +2)))
You are agile. (Dex +2)
You possess an exceptional clarity of mind.
Armour fits poorly on your strangely shaped body.
You passively map a small area around you.
You are weak. (Str -2)


Message History

Unknown command.
Okay, then.
Press: ? - help, v - describe, . - travel
Here: an Ice Fiend The floor.
Okay, then.
As you read the scroll of fear, it crumbles to dust.
You assume a fearsome visage.
The Tzitzimitl is unaffected.
The Ice Fiend is unaffected.
The doom hound resists with some effort.
The Brimstone Fiend is unaffected.
The reaper resists with some effort.
You block the Tzitzimitl's attack. x2
The Brimstone Fiend hits you but does no damage.
You block the Brimstone Fiend's attack.
The Brimstone Fiend completely misses you.
The reaper smiles without lips.
You block the reaper's attack. The doom hound closely misses you.
The doom hound claws you but does no damage.
You block the Ice Fiend's attack. x2; The Brimstone Fiend hits you!
* * * LOW HITPOINT WARNING * * *
The Brimstone Fiend completely misses you.
The Brimstone Fiend misses you.
The Tzitzimitl calls on the powers of darkness!
Your body is wracked with pain!
* * * LOW HITPOINT WARNING * * *
The reaper hits you from afar with a +4 antimagic scythe!!
* * * LOW HITPOINT WARNING * * *
You feel your power leaking away. The doom hound barely misses you.
The doom hound claws you but does no damage.
A putrid mouth comes into view.
Unknown command.
Okay, then.
The Ice Fiend calls on the powers of darkness!
Your body is wracked with pain!
* * * LOW HITPOINT WARNING * * *
The Tzitzimitl gestures at you. The bolt of negative energy misses you.
You block the Brimstone Fiend's attack. x3
The reaper hits you from afar with a +4 antimagic scythe!!
You die...

##### ####################### ###
#...###.....................###..
.....#.......................#...
....###.#.#.#.........#.#.#.###..
.....##'######.....W.####'####...
......#.#.#.###21)..###.#.#.#....
.............#...h...#...........
............###.811.###..........
.............#.......#...........
............###.#.#.###..........
.............#########...........
..............#.#.#.#............
.................................
.................................
.................................
.................................


You could see a doom hound, a Tzitzimitl, a Brimstone Fiend, an Ice Fiend, a
reaper and a putrid mouth.

Vanquished Creatures
  the Royal Jelly (Arena)
  3 dread liches
  6 orbs of fire (Zot:5)
  3 ancient liches
  Mennas (Crypt:3)
  Sojobo (Depths:1)
  A juggernaut (Depths:4)
  A royal mummy (Tomb:1)
  5 Killer Klowns
  2 caustic shrikes (Depths:2)
  A curse toe (Zot:3)
  The ghost of Nonwyble the Peltast, a veteran MiFi of Okawaru (Depths:2)
  Geryon (Arena)
  12 golden dragons
  Nikola (Swamp:3)
  A profane servitor (Hell)
  Jory (Vaults:5)
  5 bone dragons
  3 doom hounds (Tar:1)
  2 electric golems
  17 tentacled monstrosities
  2 hellephants
  13 liches
  The ghost of SirDiesAlot the Warrior, an adept MiDe of Okawaru (Elf:3)
  2 walking earthen tomes
  A walking crystal tome (Depths:3)
  25 Orb Guardians
  A tainted leviathan (Hell)
  A deep elf blademaster (Elf:2)
  8 titans
  A deep elf master archer (Elf:3)
  6 ancient champions
  21 acid blobs
  7 quicksilver dragons
  4 tentacled starspawn
  Gastronok (Orc:1)
  12 sphinxes
  Frances (Swamp:2)
  2 thorn hunters
  11 death cobs
  Kirke (Lair:5)
  15 shadow dragons
  20 storm dragons
  10 tengu reavers
  8 azure jellies
  The ghost of rougesareth the Bludgeoner, an adept GrFi of Gozag (Swamp:1)
  7 draconian monks
  3 revenants
  6 nagarajas (Snake:4)
  9 rockslimes
  6 deep elf sorcerers
  Louise (Swamp:4)
  11 fire giants
  2 narguns
  7 frost giants
  3 iron dragons
  Aizul (Vaults:4)
  3 ghost moths
  2 balrugs
  4 draconian knights
  2 orc warlords
  8 draconian stormcallers
  17 vault wardens
  3 cacodemons
  4 draconian scorchers
  5 deep elf elementalists
  10 quicksilver oozes
  3 curse skulls
  6 war gargoyles
  13 ghouls
  10 draconian shifters
  26 very ugly things
  20 ironbound preservers
  5 starcursed masses
  7 reapers
  12 draconian annihilators
  9 vampire knights
  5 spriggan defenders
  Nessos (Orc:2)
  7 black draconians
  13 stone giants
  15 green draconians
  6 entropy weavers
  An eleionoma (Swamp:4)
  4 putrid mouths
  6 bunyips
  12 deep elf annihilators
  23 dire elephants
  A lorocyproca (Abyss:2)
  12 deep elf demonologists
  8 purple draconians
  14 yellow draconians
  11 red draconians
  3 eidola
  Snorg (Lair:6)
  7 deep elf death magi
  13 white draconians
  3 blizzard demons
  A green death (Depths:1)
  A merfolk javelineer (Depths:1)
  An elf zombie (Crypt:2)
  4 crystal guardians
  2 merfolk impalers
  11 deep elf high priests
  Josephine (D:10)
  6 fire dragons
  6 mummy priests (Tomb:1)
  9 ettins
  2 shambling mangroves (Swamp:4)
  2 spriggan zombies
  A spectral spriggan (Tar:1)
  22 yaktaur captains
  9 jiangshi
  9 ironbound thunderhulks
  11 boulder beetles
  10 great orbs of eyes
  18 naga warriors
  A salamander tyrant (Snake:4)
  9 ice dragons
  26 hydras
  3 rakshasas
  2 peacekeepers
  37 vault guards
  A caustic shrike simulacrum (Hell)
  A quicksilver dragon skeleton (Crypt:2)
  3 ogre magi
  16 ironbound frosthearts
  13 centaur warriors
  5 spriggan air magi
  13 alligators
  3 ghost crabs (Lair:3)
  3 death knights
  11 anacondas
  A death yak (Lair:6)
  10 tengu warriors
  2 two-headed ogres (shapeshifter)
  6 two-headed ogres
  6 vampire magi
  35 dancing weapons
  6 deep troll shamans
  9 deep troll earth magi
  6 death scarabs (Tomb:1)
  A spectral naga (Tar:1)
  A titan zombie (Crypt:3)
  6 hell hogs
  3 thrashing horrors
  4 naga sharpshooters
  A shock serpent (shapeshifter) (Vaults:4)
  4 spriggan berserkers (Depths:2)
  Sonja (D:11)
  8 shock serpents
  2 spectral dire elephants (Tar:1)
  16 hell knights
  3 orc high priests
  2 soul eaters
  3 wretched stars
  A storm dragon zombie (Depths:2)
  4 sun demons
  19 deep elf knights
  6 salamander mystics
  10 iron trolls
  A spatial maelstrom (Depths:3)
  43 skeletal warriors
  3 shadow wraiths
  4 fire crabs (Lair:3)
  3 titan skeletons
  A death drake (Swamp:3)
  6 goliath frogs
  6 flayed ghosts
  5 sixfirhies
  A swamp dragon (shapeshifter) (Depths:2)
  An entropy weaver zombie (Vaults:2)
  An anaconda zombie (Hell)
  An orange crystal statue (Zot:5)
  9 deep elf archers
  76 deep trolls
  7 bog bodies
  2 golden dragon zombies
  3 naga ritualists
  A deep troll (shapeshifter) (Vaults:3)
  A bunyip skeleton (Crypt:2)
  4 spriggan druids
  12 phantasmal warriors
  3 glowing orange brains
  25 ironbound convokers
  13 lindwurms
  A tengu zombie (Depths:2)
  An iron giant skeleton (Crypt:3)
  A spriggan simulacrum (Hell)
  3 harpies (Vaults:1)
  14 swamp dragons
  2 iron dragon zombies
  3 anaconda skeletons (Volcano)
  27 necromancers
  7 orc knights
  15 wizards
  26 deep elf pyromancers
  28 deep elf zephyrmancers
  An orc sorcerer (Elf:3)
  A spectral ice dragon (Tar:1)
  A spectral ettin (Tar:1)
  3 wolf spiders (Lair:2)
  A shining eye (shapeshifter) (Vaults:5)
  A faun (Lair:2)
  6 mana vipers
  43 ugly things
  4 shining eyes
  9 large abominations
  A glowing shapeshifter (Depths:3)
  24 moths of wrath
  8 cyclopes
  3 stone giant zombies
  21 elephants
  4 manticores
  3 will-o-the-wisps
  A fire giant skeleton (Vaults:2)
  A spectral centaur (Tar:1)
  38 salamanders
  2 rust devils
  2 stone giant skeletons
  28 black mambas
  3 ice statues
  A draconian skeleton (Crypt:3)
  11 smoke demons
  A torpor snail (shapeshifter) (Vaults:5)
  3 human skeletons
  7 guardian serpents
  6 gargoyles
  2 eyes of devastation (Slime:4)
  A water nymph (shapeshifter) (Elf:2)
  A torpor snail (Lair:6)
  16 vault sentinels
  2 alligator snapping turtle zombies
  2 apocalypse crabs
  17 naga magi
  4 orange demons
  2 rime drakes
  3 molten gargoyles
  A shock serpent skeleton (Crypt:1)
  3 kobold demonologists (D:11)
  An elf skeleton (Vaults:2)
  A minotaur zombie (Crypt:2)
  14 cane toads
  An efreet (D:14)
  2 unseen horrors
  13 freezing wraiths
  2 demonic crawlers
  9 komodo dragons
  A bunyip simulacrum (Crypt:2)
  5 anaconda simulacra
  An iron giant simulacrum (Crypt:2)
  The ghost of Lychonis the Chopper, a novice GrFi of Okawaru (D:5)
  A sea snake zombie (Hell)
  24 yaktaurs
  3 hellwings
  4 hydra zombies (Hell)
  A tormentor (Hell)
  3 ancient zymes
  5 guardian mummies (Tomb:1)
  16 ice devils
  An entropy weaver simulacrum (IceCv)
  4 tengu conjurers
  A queen bee (Orc:1)
  A queen bee (shapeshifter) (Vaults:5)
  2 harpy zombies
  3 meliai (D:14)
  3 spectral harpies (Tar:1)
  4 red devils
  2 bloated husks
  A meliai (shapeshifter) (Abyss:2)
  4 trolls
  20 hornets
  A jumping spider (Lair:2)
  5 tyrant leeches
  9 polar bears
  7 harpy skeletons
  96 slime creatures
  A dream sheep (shapeshifter) (Depths:1)
  10 dream sheep
  An ettin zombie (Tomb:1)
  15 blink frogs
  A hydra skeleton (Crypt:2)
  2 alligator zombies (Hell)
  7 raiju (Abyss:2)
  A black mamba zombie (Hell)
  2 air elementals
  43 flying skulls
  2 centaur simulacra
  24 spriggans
  2 ettin skeletons (Vaults:2)
  2 tarantellas (shapeshifter)
  2 redbacks (Vaults:2)
  2 ushabtiu (Tomb:1)
  3 ynoxinuls
  2 alligator skeletons
  15 water elementals
  3 shadows
  47 yaks
  2 tarantellas (Vaults:2)
  12 wraiths
  2 basilisks
  2 humans (Lair:5)
  2 wyverns
  A steam dragon (shapeshifter) (Depths:3)
  9 chaos spawn
  A golden eye (Slime:5)
  2 black mamba skeletons
  3 hogs (Lair:5)
  A steam dragon (D:8)
  Grum (D:10)
  4 death yak simulacra (IceCv)
  A sea snake simulacrum (Hell)
  Edmund (D:4)
  3 fire elementals
  7 neqoxecs
  5 vampire mosquitoes (D:13)
  15 swamp worms
  4 wargs
  A human simulacrum (Vaults:2)
  2 spatial vortices (Abyss:3)
  43 nagas
  A swamp worm (shapeshifter) (Depths:2)
  An acid dragon (D:14)
  2 harpy simulacra
  A deep troll zombie (Tomb:1)
  5 hell hounds (Depths:1)
  17 water moccasins
  A floating eye (shapeshifter) (Depths:3)
  A naga zombie (Crypt:2)
  11 swamp drakes
  A floating eye (D:15)
  3 ice beasts
  An ice beast (shapeshifter) (Depths:1)
  45 orc warriors
  An ettin simulacrum (Tomb:1)
  14 necrophages
  4 black bears
  24 centaurs
  10 ogres
  6 boggarts
  64 wolves
  A swamp dragon skeleton (Crypt:3)
  A phantom (D:9)
  A salamander zombie (Crypt:1)
  A hog skeleton (Crypt:1)
  9 kobold brigands
  3 earth elementals
  19 bullfrogs
  2 wyvern zombies
  A two-headed ogre simulacrum (IceCv)
  7 cane toad simulacra (IceCv)
  2 scorpions
  6 small abominations
  A wyvern skeleton (D:5)
  5 water moccasin zombies
  4 water moccasin skeletons
  3 elephant simulacra (IceCv)
  2 troll zombies (D:10)
  18 killer bees
  A yak skeleton (Crypt:2)
  2 howler monkeys
  A troll skeleton (Volcano)
  8 spriggan skeletons
  A raiju skeleton (Crypt:2)
  3 electric eels
  4 tengu skeletons
  A bullfrog zombie (D:5)
  4 lava snakes
  7 centaur zombies
  2 hounds
  10 jellies
  2 centaur skeletons (D:5)
  17 orc priests
  Crazy Yiuf (D:5)
  4 bullfrog skeletons
  14 orc wizards
  5 scorpion zombies (D:5)
  An iguana (D:6)
  18 hell rats
  3 polar bear simulacra (IceCv)
  2 troll simulacra (IceCv)
  3 wolf simulacra (IceCv)
  6 ogre zombies (D:10)
  A deep dwarf skeleton (Crypt:1)
  A dwarf skeleton (Crypt:2)
  2 naga skeletons
  A hound skeleton (D:5)
  4 hound zombies
  37 mummies (Tomb:1)
  3 howler monkey zombies
  7 gnolls
  3 naga simulacra
  11 adders
  6 white imps
  2 ufetubi
  2 adder skeletons
  2 adder zombies (D:5)
  A dart slug (D:2)
  98 orcs
  5 ball pythons
  2 bats
  4 endoplasms
  5 giant cockroaches (D:1)
  9 goblins
  6 hobgoblins
  8 jackals
  5 quokkas
  10 frilled lizards
  A frilled lizard skeleton (Crypt:1)
  A goblin skeleton (D:10)
  4 goblin zombies (D:10)
  2 hobgoblin skeletons (D:10)
  4 hobgoblin zombies (D:10)
  A jackal skeleton (Crypt:1)
  21 kobolds
  4 orc skeletons (D:10)
  11 orc zombies
  A quokka skeleton (Crypt:2)
  5 rats
  A lurking horror (Abyss:4)
  3 starspawn tentacles
3032 creatures vanquished.

Vanquished Creatures (others)
  A lorocyproca (Abyss:2)
  A deep elf zephyrmancer (Elf:2)
  A cyclops (shapeshifter) (Depths:2)
  An anaconda simulacrum (Coc:1)
  A bunyip simulacrum (Coc:1)
  A shadow dragon simulacrum (Coc:1)
  A tyrant leech (Swamp:2)
  A harpy simulacrum (Coc:1)
  2 hydra simulacra (Coc:1)
  A bush (Lair:6)
  8 foxfires (Swamp:1)
  47 fungi
  67 plants
  10 starspawn tentacles
  5 withered plants (D:5)
148 creatures vanquished.

Grand Total: 3180 creatures vanquished

Notes
Turn   | Place    | Note
-------+----------+-------------------------------------------
     0 | D:1      | browni3141 the Formicid Arcane Marksman began the quest for
                  | the Orb.
     0 | D:1      | Reached XP level 1. HP: 15/15 MP: 2/2
   186 | D:1      | Reached XP level 2. HP: 6/21 MP: 3/3
  1116 | D:1      | Reached XP level 3. HP: 22/26 MP: 4/4
  2373 | D:2      | Reached XP level 4. HP: 32/32 MP: 1/5
  2431 | D:2      | Reached skill level 1 in Maces & Flails
  3364 | D:2      | Found a faded altar of an unknown god.
  3423 | D:2      | Reached XP level 5. HP: 35/38 MP: 6/6
  4260 | D:3      | Reached skill level 1 in Stealth
  4578 | D:3      | Noticed an ogre
  4815 | D:3      | Killed an ogre
  4816 | D:3      | Reached XP level 6. HP: 46/46 MP: 7/7
  5169 | D:4      | Noticed an ice beast
  5176 | D:4      | Killed an ice beast
  5177 | D:4      | Reached skill level 1 in Armour
  5177 | D:4      | Reached XP level 7. HP: 51/51 MP: 8/8
  5638 | D:4      | Found a runed translucent gate.
  5638 | D:4      | Found a runed translucent gate.
  5638 | D:4      | Found a runed translucent gate.
  5641 | D:4      | Noticed Lychonis's ghost (novice GrFi)
  5641 | D:4      | Identified the +0 dagger of Magnificence {vorpal, Stlth+}
  5804 | D:4      | Reached skill level 5 in Crossbows
  6007 | D:4      | Reached skill level 2 in Armour
  6292 | D:5      | Entered Level 5 of the Dungeon
  6998 | D:4      | Reached skill level 3 in Armour
  6998 | D:4      | Reached XP level 8. HP: 23/58 MP: 9/9
  7290 | D:5      | Noticed Edmund
  7685 | D:5      | Found a staircase to the Ecumenical Temple.
  7703 | Temple   | Entered the Ecumenical Temple
  7758 | Temple   | Became a worshipper of Warmaster Okawaru
  7878 | D:5      | Reached skill level 4 in Armour
  8591 | D:5      | Reached skill level 5 in Maces & Flails
  8870 | D:4      | Killed Edmund
  8871 | D:4      | Reached XP level 9. HP: 34/65 MP: 10/10
  9068 | D:5      | Reached skill level 5 in Armour
  9137 | D:5      | Reached * piety under Okawaru
  9463 | D:5      | Found a runed translucent door.
  9464 | D:5      | Noticed Crazy Yiuf
  9640 | D:5      | Reached skill level 1 in Invocations
  9678 | D:5      | Identified the +4 flail "browni3141's Foe" {vamp, rElec rC+
                  | rN+ Dex-4}
 10343 | D:7      | Reached skill level 6 in Armour
 10483 | D:7      | Reached ** piety under Okawaru
 10484 | D:7      | Reached skill level 5 in Fighting
 10824 | D:7      | Reached XP level 10. HP: 70/74 MP: 12/12
 11353 | D:5      | Killed Crazy Yiuf
 11431 | D:1      | Bought a runed kite shield for 180 gold pieces
 11546 | D:5      | Killed Lychonis's ghost
 11547 | D:5      | Reached skill level 1 in Shields
 11868 | D:8      | Identified the +6 scimitar "Bacydira" {venom, Fragile Will+
                  | Stlth+}
 11911 | D:8      | Reached *** piety under Okawaru
 12357 | D:9      | Found a staircase to the Lair.
 12358 | D:9      | Noticed a komodo dragon
 12433 | D:9      | Killed a komodo dragon
 12434 | D:9      | Reached skill level 7 in Armour
 12752 | D:9      | Reached skill level 5 in Invocations
 12762 | D:9      | Reached **** piety under Okawaru
 13202 | D:10     | Entered Level 10 of the Dungeon
 13234 | D:10     | Noticed a two-headed ogre
 13242 | D:10     | Found a sparkling altar of Nemelex Xobeh.
 13621 | D:10     | Reached XP level 11. HP: 76/81 MP: 15/15
 13633 | D:10     | Found a staircase to the Orcish Mines.
 14407 | D:10     | Noticed Josephine
 14719 | D:10     | Identified the +11 rapier of Invincibility {flame, Int+6}
 14727 | D:10     | Killed a two-headed ogre
 14727 | D:10     | Reached ***** piety under Okawaru
 14728 | D:10     | Reached skill level 8 in Armour
 14728 | D:10     | Reached skill level 5 in Shields
 15106 | D:9      | Received a gift from Okawaru
 15548 | D:9      | Received a gift from Okawaru
 16201 | D:10     | Noticed a seven-headed hydra
 16501 | D:10     | Killed Josephine
 16918 | Lair:1   | Entered Level 1 of the Lair of Beasts
 16950 | Lair:1   | Found a frozen archway.
 16964 | IceCv    | Entered an ice cave
 16980 | IceCv    | Reached XP level 12. HP: 56/89 MP: 17/17
 17698 | IceCv    | Received a gift from Okawaru
 17984 | IceCv    | Reached skill level 9 in Armour
 17992 | IceCv    | Received a gift from Okawaru
 19269 | IceCv    | Reached skill level 10 in Crossbows
 19689 | IceCv    | Received a gift from Okawaru
 20614 | IceCv    | Found an ancient bone altar of Kikubaaqudgha.
 21752 | Lair:1   | Received a gift from Okawaru
 21753 | Lair:1   | Reached XP level 13. HP: 91/96 MP: 19/19
 21932 | Lair:1   | Reached skill level 10 in Armour
 21947 | Lair:1   | Received a gift from Okawaru
 22064 | Lair:1   | Identified 3 scrolls of acquirement
 22067 | Lair:1   | Identified the +1 chain mail of Broken Taboos {Harm Fly
                  | rF+}
 22397 | Lair:1   | Acquired a manual of Armour
 22399 | Lair:1   | Acquired the +5 tower shield of Uruujuism {Fly Dex-5
                  | Slay+2}
 22401 | Lair:1   | Acquired a manual of Fighting
 23030 | Lair:2   | Noticed a seven-headed hydra
 23072 | Lair:1   | Reached skill level 10 in Maces & Flails
 23410 | Lair:2   | Reached skill level 11 in Armour
 23438 | Lair:2   | Received a gift from Okawaru
 23570 | Lair:2   | Reached skill level 10 in Invocations
 23952 | Lair:2   | Killed a seven-headed hydra
 24042 | Lair:2   | Received a gift from Okawaru
 24297 | Lair:2   | Found a staircase to the Swamp.
 24552 | Lair:2   | Reached ****** piety under Okawaru
 24554 | Lair:2   | Received a gift from Okawaru
 24779 | Lair:2   | Found a runed translucent door.
 24809 | Lair:2   | Reached XP level 14. HP: 94/106 MP: 21/21
 24820 | Lair:2   | Reached skill level 12 in Armour
 24876 | Lair:2   | Received a gift from Okawaru
 24895 | Lair:2   | Found a runed translucent gate.
 24895 | Lair:2   | Found a runed translucent gate.
 24896 | Lair:2   | Found a runed translucent gate.
 24896 | Lair:2   | Found a runed translucent gate.
 24896 | Lair:2   | Found a runed translucent gate.
 24896 | Lair:2   | Identified the +0 hat "Ymoto" {Str+6 Stlth+}
 24897 | Lair:2   | Found a runed translucent gate.
 25051 | Lair:2   | Reached skill level 10 in Shields
 25056 | Lair:2   | Received a gift from Okawaru
 25073 | Lair:2   | Identified the amulet "Diriecue" {Reflect Rampage SH+5}
 26062 | Lair:3   | Found a runed translucent door.
 26075 | Lair:3   | Reached skill level 13 in Armour
 26264 | Lair:3   | Noticed an entropy weaver
 26290 | Lair:3   | Killed an entropy weaver
 27450 | Lair:3   | Received a gift from Okawaru
 27576 | Lair:3   | Noticed an entropy weaver
 27596 | Lair:3   | Killed an entropy weaver
 27631 | Lair:3   | Received a gift from Okawaru
 27821 | Lair:3   | Noticed an entropy weaver
 27842 | Lair:3   | Killed an entropy weaver
 28030 | Lair:3   | Noticed an entropy weaver
 28043 | Lair:3   | Reached skill level 10 in Fighting
 28044 | Lair:3   | Killed an entropy weaver
 28044 | Lair:3   | Received a gift from Okawaru
 28479 | Lair:4   | Reached XP level 15. HP: 115/115 MP: 23/23
 28627 | Lair:4   | Found a staircase to the Snake Pit.
 28691 | Lair:4   | Reached skill level 14 in Armour
 29342 | Lair:5   | Noticed Kirke
 29358 | Lair:5   | Killed Kirke
 29433 | Lair:5   | Found a dark tunnel.
 29541 | Volcano  | Entered a volcano
 29908 | Volcano  | Identified the +2 pair of boots of the Morning {*Slow
                  | Str+4} (Okawaru gifted it to you in a volcano)
 29908 | Volcano  | Received a gift from Okawaru
 30383 | Volcano  | Identified the +3 hat "Zyntin" {Will+}
 30925 | Lair:6   | Entered Level 6 of the Lair of Beasts
 31241 | Lair:6   | Reached skill level 15 in Armour
 32214 | Lair:6   | Identified the +3 demon whip "Abbuwac" {pain, rF- rC+ rCorr
                  | Stlth+} (Okawaru gifted it to you on level 6 of the Lair of
                  | Beasts)
 32214 | Lair:6   | Received a gift from Okawaru
 32323 | Lair:6   | Reached XP level 16. HP: 83/125 MP: 25/25
 32625 | Lair:6   | Noticed Snorg
 32666 | Lair:6   | Killed Snorg
 32945 | Lair:6   | Found a runed translucent door.
 32947 | Lair:6   | Found a viscous altar of Jiyva.
 32947 | Lair:6   | Noticed an azure jelly
 32948 | Lair:6   | Noticed an azure jelly
 32978 | Lair:6   | Found a staircase to the Slime Pits.
 33101 | Lair:6   | Killed an azure jelly
 33114 | Lair:6   | Killed an azure jelly
 33540 | D:10     | Noticed Grum
 33547 | D:10     | Killed Grum
 34010 | Orc:1    | Entered Level 1 of the Orcish Mines
 34385 | Orc:1    | Noticed Gastronok
 34405 | Orc:1    | Killed Gastronok
 34406 | Orc:1    | Reached skill level 16 in Armour
 34515 | Orc:1    | Identified the +3 great mace of Success {antimagic, rF+++
                  | Str-3} (Okawaru gifted it to you on level 1 of the Orcish
                  | Mines)
 34515 | Orc:1    | Received a gift from Okawaru
 34955 | Orc:2    | Entered Level 2 of the Orcish Mines
 34967 | Orc:2    | Noticed Nessos
 34972 | Orc:2    | Killed Nessos
 35340 | Orc:2    | Found a burning altar of Makhleb.
 35354 | Orc:2    | Found Kaip's Antique Weapon Boutique.
 35385 | Orc:2    | Found a staircase to the Elven Halls.
 35608 | Orc:2    | Found Kixoh's Magic Scroll Shoppe.
 35608 | Orc:2    | Found Nosheg's Antique Weapon Shop.
 35608 | Orc:2    | Found Aryrgh's General Store.
 35611 | Orc:2    | Found Hepigy's Weapon Emporium.
 35615 | Orc:2    | Bought a scroll of fear for 38 gold pieces
 35615 | Orc:2    | Bought 3 scrolls of identify for 66 gold pieces
 35615 | Orc:2    | Bought a scroll of identify for 22 gold pieces
 35615 | Orc:2    | Bought a scroll of amnesia for 38 gold pieces
 36414 | Swamp:1  | Entered Level 1 of the Swamp
 36424 | Swamp:1  | Received a gift from Okawaru
 36757 | Swamp:1  | Found a runed translucent door.
 36760 | Swamp:1  | Noticed a thorn hunter
 37851 | Swamp:1  | Noticed rougesareth's ghost (adept GrFi)
 37872 | Swamp:1  | Killed a thorn hunter
 37873 | Swamp:1  | Reached XP level 17. HP: 113/135 MP: 7/27
 37895 | Swamp:1  | Killed rougesareth's ghost
 38038 | Swamp:2  | Received a gift from Okawaru
 38323 | Swamp:2  | Reached skill level 17 in Armour
 39069 | Swamp:2  | Noticed Frances
 39083 | Swamp:2  | Killed Frances
 39160 | Swamp:2  | Received a gift from Okawaru
 39866 | Swamp:3  | Noticed Nikola
 39882 | Swamp:3  | Killed Nikola
 39903 | Swamp:2  | HP: 5/135 [poison (poison gas)]
 39907 | Swamp:2  | HP: 2/135 [poison (poison gas)]
 41302 | Swamp:4  | Entered Level 4 of the Swamp
 41803 | Swamp:4  | Received a gift from Okawaru
 41833 | Swamp:4  | Received a gift from Okawaru
 41946 | Swamp:4  | Noticed Louise
 41956 | Swamp:4  | Killed Louise
 42094 | Swamp:4  | Received a gift from Okawaru
 42155 | Swamp:4  | Reached skill level 18 in Armour
 42155 | Swamp:4  | Reached skill level 15 in Invocations
 42765 | Swamp:4  | Noticed a thorn hunter
 42773 | Swamp:4  | Killed a thorn hunter
 42777 | Swamp:4  | Identified the +1 pair of boots of Idealism {Dex+5}
                  | (Okawaru gifted it to you on level 4 of the Swamp)
 42777 | Swamp:4  | Received a gift from Okawaru
 42778 | Swamp:4  | Reached XP level 18. HP: 134/144 MP: 9/29
 43256 | Swamp:4  | Got a decaying rune of Zot
 43496 | Snake:1  | Entered Level 1 of the Snake Pit
 44225 | Snake:1  | Found a shimmering altar of Xom.
 44255 | Arena    | Entered the Arena
 44747 | Lair:4   | Reached skill level 15 in Shields
 45137 | Snake:1  | Found Rurr's Antique Weapon Emporium.
 46479 | Snake:2  | Received a gift from Okawaru
 46771 | Snake:2  | Reached skill level 15 in Crossbows
 48211 | Snake:3  | Received a gift from Okawaru
 48256 | Snake:3  | Identified the +6 arbalest "Iju Kalo" {freeze, rN+++ Int-2
                  | Dex+3 Stlth+} (Okawaru gifted it to you on level 3 of the
                  | Snake Pit)
 48256 | Snake:3  | Received a gift from Okawaru
 49077 | Snake:3  | Reached skill level 19 in Armour
 49424 | Snake:4  | Entered Level 4 of the Snake Pit
 49435 | Snake:4  | Reached XP level 19. HP: 149/153 MP: 28/31
 49631 | Snake:4  | Received a gift from Okawaru
 49849 | Snake:4  | Identified the +9 chain mail of Polish {Contam rC+ Int+4
                  | Dex+6} (Okawaru gifted it to you on level 4 of the Snake
                  | Pit)
 49849 | Snake:4  | Received a gift from Okawaru
 49903 | Snake:4  | Reached skill level 15 in Fighting
 50658 | Snake:4  | Got a serpentine rune of Zot
 51593 | Snake:4  | Identified the +9 arbalest of Disintegration {venom, rF+
                  | rC+ Dex+4} (Okawaru gifted it to you on level 4 of the
                  | Snake Pit)
 51593 | Snake:4  | Received a gift from Okawaru
 52623 | Elf:1    | Entered Level 1 of the Elven Halls
 53033 | Elf:1    | Found Semeowid's Antique Weapon Shoppe.
 53135 | Elf:1    | Found Ygup's Antique Armour Shoppe.
 53238 | Elf:1    | You are sucked into a shaft and drop 1 floor!
 54036 | Elf:2    | Received a gift from Okawaru
 54180 | Elf:2    | Received a gift from Okawaru
 54181 | Elf:2    | Reached XP level 20. HP: 164/164 MP: 10/32
 54204 | Elf:2    | Found a runed translucent gate.
 54204 | Elf:2    | Found a runed translucent gate.
 54204 | Elf:2    | Found a runed translucent gate.
 54429 | Elf:2    | Reached skill level 20 in Armour
 54447 | Elf:2    | Identified the +1 chain mail of Fuughoos {Harm rCorr Int+3}
                  | (Okawaru gifted it to you on level 2 of the Elven Halls)
 54447 | Elf:2    | Received a gift from Okawaru
 55945 | Elf:3    | Entered Level 3 of the Elven Halls
 56779 | Elf:2    | Found a radiant altar of Vehumet.
 56972 | Elf:3    | Received a gift from Okawaru
 57372 | Elf:3    | Found a runed translucent door.
 57372 | Elf:3    | Found a shimmering altar of Xom.
 57372 | Elf:3    | Noticed SirDiesAlot's ghost (adept MiDe)
 57413 | Elf:3    | Killed SirDiesAlot's ghost
 57413 | Elf:3    | Received a gift from Okawaru
 57731 | Arena    | Entered the Arena
 58039 | Elf:3    | Reached XP level 21. HP: 162/164 MP: 11/34
 58040 | Elf:3    | Identified the +5 trident "Spiderbane" {vorpal, Str-3
                  | Dex+10}
 58062 | Arena    | Entered the Arena
 58093 | Elf:3    | Reached skill level 15 in Maces & Flails
 58819 | Elf:3    | Identified the +3 rapier of Flawed Execution {flame, rF-
                  | Str+4 SInv Stlth-}
 58819 | Elf:3    | Identified the +0 plate armour of Fun and Games {Harm rF+
                  | SInv}
 59135 | Elf:3    | Noticed a Tzitzimitl
 59140 | Elf:3    | Identified the ring "Dixto" {Ice Int+4 Dex+7 Slay+3}
 59142 | Elf:3    | Received a gift from Okawaru
 59484 | Elf:3    | Identified the +0 chain mail of Oily the Leaf {+Blink +Inv
                  | rF+}
 59487 | Elf:3    | Identified the +2 shortbow "Fiuwneuvy" {freeze, Drain rF-
                  | Str+8}
 59489 | Elf:3    | Got the Grimoire of Displacement
 59501 | Elf:3    | Identified the +5 flail "Qehy" {drain, rF- rN++ Stlth+}
 60173 | D:11     | Received a gift from Okawaru
 60285 | D:11     | You are sucked into a shaft and drop 3 floors!
 60308 | D:14     | Found a shadowy altar of Dithmenos.
 60770 | D:12     | Found a flagged portal.
 60818 | Bailey   | Entered a bailey
 60909 | Bailey   | Reached skill level 21 in Armour
 60911 | Bailey   | Identified the +10 kite shield of Teulo {Rampage Int+2}
                  | (Okawaru gifted it to you in a bailey)
 60911 | Bailey   | Received a gift from Okawaru
 61357 | D:11     | Noticed Sonja
 61362 | D:11     | Killed Sonja
 63222 | D:14     | Found a gate to the Vaults.
 63888 | D:14     | Got the Disquisition on the Aerial Voyage
 64033 | D:15     | Entered Level 15 of the Dungeon
 64042 | D:15     | Found a shimmering altar of Xom.
 64043 | D:15     | Found a shimmering altar of Xom.
 64043 | D:15     | Found a shimmering altar of Xom.
 64134 | D:15     | Found a staircase to the Depths.
 64314 | D:15     | Found a shimmering altar of Xom.
 64315 | D:15     | Found a shimmering altar of Xom.
 64316 | D:15     | Found a shimmering altar of Xom.
 64318 | D:15     | Found a shimmering altar of Xom.
 64529 | D:15     | Reached XP level 22. HP: 166/180 MP: 35/35
 64601 | D:15     | Acquired 812 gold pieces
 65032 | Depths:1 | Entered Level 1 of the Depths
 65081 | D:15     | Received a gift from Okawaru
 65978 | Vaults:1 | Entered Level 1 of the Vaults
 66504 | Vaults:1 | Received a gift from Okawaru
 66933 | Vaults:1 | Received a gift from Okawaru
 67586 | Vaults:1 | Received a gift from Okawaru
 67591 | Vaults:1 | Reached skill level 22 in Armour
 68124 | Vaults:2 | Identified the +0 ring mail "Zuredad" {rF+ Int+5 Dex+4}
                  | (Okawaru gifted it to you on level 2 of the Vaults)
 68124 | Vaults:2 | Received a gift from Okawaru
 68723 | Vaults:2 | Reached XP level 23. HP: 188/188 MP: 12/37
 69616 | Vaults:2 | Received a gift from Okawaru
 69768 | Vaults:2 | Received a gift from Okawaru
 70206 | Vaults:2 | Found a staircase to the Crypt.
 70206 | Vaults:2 | Found an ancient bone altar of Kikubaaqudgha.
 70207 | Vaults:2 | Found a basalt altar of Yredelemnul.
 71207 | Vaults:3 | Identified the +4 hand crossbow of Untruth {penet, +Blink
                  | rC+} (Okawaru gifted it to you on level 3 of the Vaults)
 71207 | Vaults:3 | Received a gift from Okawaru
 71855 | Vaults:3 | Reached skill level 23 in Armour
 72342 | Vaults:3 | Received a gift from Okawaru
 72520 | Vaults:3 | Reached XP level 24. HP: 182/197 MP: 10/37
 73000 | Vaults:3 | Found Enleuf's Armour Shoppe.
 73233 | Vaults:4 | Noticed Aizul
 73604 | Vaults:4 | Killed Aizul
 73662 | Vaults:4 | Found a gateway to a bazaar.
 73761 | Arena    | Entered the Arena
 75184 | Vaults:4 | Received a gift from Okawaru
 76163 | Bazaar   | Entered a bazaar
 76181 | Bazaar   | Found Yciykoi's Magic Scroll Emporium.
 76189 | Bazaar   | Bought a scroll of amnesia for 35 gold pieces
 76189 | Bazaar   | Bought 2 scrolls of fear for 70 gold pieces
 76189 | Bazaar   | Bought a scroll of noise for 10 gold pieces
 76189 | Bazaar   | Bought a scroll of magic mapping for 35 gold pieces
 76189 | Bazaar   | Bought a scroll of acquirement for 520 gold pieces
 76189 | Bazaar   | Bought a scroll of fear for 35 gold pieces
 76203 | Bazaar   | Found Yqaq Vuo's Magic Scroll Emporium.
 76211 | Bazaar   | Bought a scroll of enchant armour for 127 gold pieces
 76211 | Bazaar   | Bought a scroll of identify for 34 gold pieces
 76211 | Bazaar   | Bought a scroll of fog for 34 gold pieces
 76211 | Bazaar   | Bought a scroll of amnesia for 59 gold pieces
 76211 | Bazaar   | Bought a scroll of enchant armour for 127 gold pieces
 76211 | Bazaar   | Bought a scroll of holy word for 127 gold pieces
 76228 | Bazaar   | Found Deosuet's Distillery.
 76232 | Bazaar   | Bought a potion of lignification for 30 gold pieces
 76232 | Bazaar   | Bought a potion of cancellation for 80 gold pieces
 76232 | Bazaar   | Bought a potion of attraction for 30 gold pieces
 76232 | Bazaar   | Bought a potion of curing for 30 gold pieces
 76232 | Bazaar   | Bought a potion of invisibility for 80 gold pieces
 76232 | Bazaar   | Bought a potion of curing for 30 gold pieces
 76259 | Bazaar   | Found Numaorche's Distillery.
 76324 | Vaults:5 | Entered Level 5 of the Vaults
 76402 | Vaults:4 | Received a gift from Okawaru
 76590 | Arena    | Entered the Arena
 77876 | Vaults:4 | Acquired a +1 vorpal triple crossbow
 78381 | Vaults:4 | Reached XP level 25. HP: 180/198 MP: 12/38
 78463 | Vaults:5 | Reached skill level 24 in Armour
 79124 | Vaults:5 | Received a gift from Okawaru
 79471 | Vaults:5 | Identified the +6 war axe "Hahoutsi" {drain, Int+4}
 80600 | Arena    | Entered the Arena
 80988 | Vaults:5 | Received a gift from Okawaru
 81224 | Vaults:5 | Received a gift from Okawaru
 81424 | Vaults:5 | Noticed Jory
 81443 | Vaults:5 | Killed Jory
 81761 | Vaults:5 | Found Xuhoegi's Book Shoppe.
 81771 | Vaults:5 | Got the Papyrus of the Shifting Birds
 81774 | Vaults:5 | Got the Incunabulum of Gliding Enchantment
 82039 | Arena    | Entered the Arena
 82104 | Vaults:5 | Identified the +10 great mace "Cuenwyar" {flame, rCorr
                  | Int+4} (Okawaru gifted it to you on level 5 of the Vaults)
 82104 | Vaults:5 | Received a gift from Okawaru
 82419 | Vaults:5 | Got a silver rune of Zot
 82630 | Vaults:5 | Identified the +3 scythe "Arhir" {vorpal, Fragile Will++
                  | Int+3 SInv}
 82731 | Vaults:5 | Identified the +1 morningstar of the Reaper {vorpal, rF+
                  | Dex+2}
 82889 | Vaults:5 | Found the +8 mithril axe "Arga" {speed, Will+}
 83348 | Slime:1  | Entered Level 1 of the Pits of Slime
 83358 | Slime:1  | Gained mutation: You sometimes lose the ability to read
                  | scrolls when taking damage. [a shining eye]
 83550 | Slime:2  | Gained mutation: You are frail. (-10% HP) [a shining eye]
 83686 | Slime:3  | You are sucked into a shaft and drop 1 floor!
 83722 | Slime:4  | Received a gift from Okawaru
 83979 | Slime:3  | Gained mutation: Your body sometimes deteriorates upon
                  | taking damage. [a shining eye]
 83984 | Slime:3  | Received a gift from Okawaru
 84361 | Slime:4  | Reached XP level 26. HP: 191/193 MP: 39/39
 84761 | Slime:4  | Found a viscous altar of Jiyva.
 84845 | Slime:5  | Entered Level 5 of the Pits of Slime
 85201 | Slime:5  | Noticed the Royal Jelly
 85202 | Slime:5  | Found a viscous altar of Jiyva.
 85205 | Arena    | Entered the Arena
 85229 | Arena    | Killed the Royal Jelly
 85230 | Arena    | Reached skill level 25 in Armour
 85625 | Slime:5  | Gained mutation: You have hidden genetic defects. [a
                  | shining eye]
 86082 | Slime:5  | Identified the ring "Utzacrol" {rElec rC+ Will+ SInv}
 86098 | Slime:5  | Got Isoarr's Papyrus of Conjuration and Lightness
 86125 | Slime:5  | Got a slimy rune of Zot
 86126 | Slime:5  | Identified the +2 robe of Reifuisi {rPois}
 86136 | Slime:5  | Found the +4 skin of Zhor {*Englaciate rC+++ SInv}
 86182 | Slime:5  | Got Yreroc's Volume of the Rocks and the Blaze
 86786 | Depths:1 | Found a one-way gate leading to the halls of Pandemonium.
 87013 | Depths:1 | You are sucked into a shaft and drop 1 floor!
 87061 | Depths:2 | Found a gateway to a ziggurat.
 87108 | Depths:2 | Found a one-way gate to the infinite horrors of the Abyss.
 87123 | Depths:2 | Identified the +5 morningstar "Lezal" {venom, rC+ Str+2}
 87124 | Depths:2 | Found a runed translucent door.
 87125 | Depths:2 | Noticed Nonwyble's ghost (veteran MiFi)
 87157 | Depths:2 | Found an ornate altar of the Wu Jian Council.
 87236 | Depths:2 | Gained mutation: You are weak. (Str -2) [hidden defects]
 87274 | Depths:2 | Lost mutation: You are weak. (Str -2) [potion of mutation]
 87274 | Depths:2 | Lost mutation: You are frail. (-10% HP) [potion of
                  | mutation]
 87274 | Depths:2 | Gained mutation: Your muscles are strong. (Str +2) [potion
                  | of mutation]
 87274 | Depths:2 | Gained mutation: You have a beak for a mouth. [potion of
                  | mutation]
 87275 | Depths:2 | Lost mutation: Your muscles are strong. (Str +2) [potion of
                  | mutation]
 87275 | Depths:2 | Lost mutation: Your body sometimes deteriorates upon taking
                  | damage. [potion of mutation]
 87275 | Depths:2 | Gained mutation: Your mind is acute. (Int +2) [potion of
                  | mutation]
 87275 | Depths:2 | Gained mutation: You expend magic power (3 MP) to
                  | strengthen your wands. [potion of mutation]
 87276 | Depths:2 | Lost mutation: Your mind is acute. (Int +2) [potion of
                  | mutation]
 87276 | Depths:2 | Lost mutation: You have a beak for a mouth. [potion of
                  | mutation]
 87276 | Depths:2 | Gained mutation: Your muscles are strong. (Str +2) [potion
                  | of mutation]
 87276 | Depths:2 | Gained mutation: Your spells are a little harder to cast,
                  | but a little more powerful. [potion of mutation]
 87276 | Depths:2 | Gained mutation: You have an increased reservoir of magic.
                  | (+10% MP) [potion of mutation]
 87277 | Depths:2 | Lost mutation: You have an increased reservoir of magic.
                  | (+10% MP) [potion of mutation]
 87277 | Depths:2 | Lost mutation: Your spells are a little harder to cast, but
                  | a little more powerful. [potion of mutation]
 87278 | Depths:2 | Lost mutation: You expend magic power (3 MP) to strengthen
                  | your wands. [potion of mutation]
 87278 | Depths:2 | Lost mutation: You have hidden genetic defects. [potion of
                  | mutation]
 87278 | Depths:2 | Gained mutation: You are partially covered in iridescent
                  | scales. (AC +2) [potion of mutation]
 87278 | Depths:2 | Gained mutation: You passively map a small area around you.
                  | [potion of mutation]
 87400 | Depths:2 | Found a glowing silver altar of Zin.
 87413 | Depths:2 | Identified the +10 demon whip "Dragonbane" {elec, rElec
                  | Will+ SInv} (Okawaru gifted it to you on level 2 of the
                  | Depths)
 87413 | Depths:2 | Received a gift from Okawaru
 88375 | Depths:2 | Received a gift from Okawaru
 88576 | Depths:2 | Found a gateway to Hell.
 88822 | Depths:2 | Killed Nonwyble's ghost
 88822 | Depths:2 | Received a gift from Okawaru
 88976 | Depths:2 | Identified the +0 hat of Trial and Error {Contam Harm
                  | Will++}
 89031 | Depths:1 | Received a gift from Okawaru
 89108 | Depths:1 | Noticed Sojobo
 89129 | Depths:1 | Killed Sojobo
 89140 | Depths:1 | Received a gift from Okawaru
 89365 | Depths:1 | Found a hide-covered altar of Uskayaw.
 89564 | Depths:1 | Received a gift from Okawaru
 89572 | Depths:1 | Reached XP level 27. HP: 224/224 MP: 39/39
 89622 | Depths:1 | Received a gift from Okawaru
 90412 | Depths:2 | Received a gift from Okawaru
 90966 | Depths:2 | Received a gift from Okawaru
 91029 | Depths:2 | Reached skill level 26 in Armour
 91782 | Depths:3 | Got Advanced Witchery
 91787 | Depths:3 | Learned a level 3 spell: Portal Projectile
 91791 | Depths:3 | Learned a level 3 spell: Inner Flame
 91796 | Depths:3 | Learned a level 4 spell: Cause Fear
 92083 | Depths:3 | Found Orauna Zogi's Antique Armour Shoppe.
 92088 | Depths:3 | Bought a slimy plate armour for 868 gold pieces
 92088 | Depths:3 | Identified the +9 plate armour of Omission {rPois Int+4
                  | Dex+2} (You bought it in a shop on level 3 of the Depths)
 92567 | Orc:2    | Bought a scroll of enchant armour for 82 gold pieces
 92567 | Orc:2    | Bought a scroll of fear for 38 gold pieces
 92567 | Orc:2    | Bought a scroll of magic mapping for 38 gold pieces
 92571 | Orc:2    | Bought a scroll of magic mapping for 38 gold pieces
 92783 | D:1      | Bought a scroll of vulnerability for 180 gold pieces
 92783 | D:1      | Bought a thick zirconium amulet for 120 gold pieces
 93164 | Depths:4 | Entered Level 4 of the Depths
 93480 | Arena    | Entered the Arena
 94265 | Depths:4 | Reached skill level 5 in Hexes
 94368 | Depths:4 | Received a gift from Okawaru
 95140 | Depths:4 | Found a gate to the Realm of Zot.
 95401 | Depths:4 | Found a runed translucent door.
 95401 | Depths:4 | Noticed a juggernaut
 95432 | Depths:4 | Killed a juggernaut
 95447 | Depths:4 | Identified the ring "Xaerezie" {Ice rN+ Str+3 Dex+4}
 95448 | Depths:4 | Identified the +6 falchion of the Boar {venom, rElec rC+
                  | Will+ Dex-5}
 95449 | Depths:4 | Identified the +9 glaive "Orb Guardian's Doom" {pain,
                  | Int+3}
 95549 | Zot:1    | Entered Level 1 of the Realm of Zot
 95558 | Depths:4 | Received a gift from Okawaru
 96903 | Zot:1    | Received a gift from Okawaru
 96994 | Zot:1    | Received a gift from Okawaru
 97399 | Zot:1    | Identified the ring "Nigirphua" {rC+ rCorr MP+9 Int+3}
 97515 | Zot:1    | Reached skill level 5 in Spellcasting
 97630 | Zot:1    | Received a gift from Okawaru
 98348 | Zot:1    | Received a gift from Okawaru
 99907 | Zot:3    | Noticed an ancient lich
 99908 | Zot:3    | Noticed a Killer Klown
 99966 | Zot:3    | Noticed a Killer Klown
100031 | Zot:3    | Killed an ancient lich
100046 | Zot:3    | Killed a Killer Klown
100079 | Zot:3    | Killed a Killer Klown
101004 | Zot:3    | Received a gift from Okawaru
101152 | Zot:3    | Acquired a manual of Stealth
101614 | Zot:3    | Received a gift from Okawaru
101623 | Zot:3    | Reached skill level 1 in Translocations
102139 | Zot:4    | Received a gift from Okawaru
102933 | Zot:4    | Received a gift from Okawaru
102939 | Zot:4    | Reached skill level 5 in Stealth
103541 | Zot:4    | Received a gift from Okawaru
104601 | Zot:5    | Entered Level 5 of the Realm of Zot
104621 | Zot:4    | Received a gift from Okawaru
104626 | Zot:4    | Reached skill level 27 in Armour
104725 | Zot:4    | Reached skill level 5 in Dodging
104726 | Zot:5    | Noticed a dread lich
104901 | Zot:5    | Noticed a dread lich
104909 | Zot:4    | Killed a dread lich
104914 | Zot:4    | Killed a dread lich
105180 | Zot:5    | Noticed an orb of fire
105484 | Zot:5    | Killed an orb of fire
105484 | Zot:5    | Received a gift from Okawaru
105485 | Zot:5    | Reached skill level 10 in Hexes
105509 | Zot:5    | Identified the +0 lajatang of Okawaru's Castigation
                  | {vorpal, Str+2} (Okawaru gifted it to you on level 5 of the
                  | Realm of Zot)
105509 | Zot:5    | Received a gift from Okawaru
105851 | Zot:5    | Noticed an orb of fire
105994 | Zot:5    | Gained mutation: You are frail. (-10% HP) [an orb of fire]
106025 | Zot:5    | Killed an orb of fire
106486 | Zot:5    | Noticed an orb of fire
106487 | Zot:5    | Lost mutation: Your muscles are strong. (Str +2) [an orb of
                  | fire]
106496 | Zot:5    | Noticed an orb of fire
106500 | Zot:5    | Gained mutation: Your magical capacity is low. (-10% MP)
                  | [an orb of fire]
106505 | Zot:5    | Killed an orb of fire
106516 | Zot:5    | Killed an orb of fire
106623 | Zot:5    | Noticed a Killer Klown
106628 | Zot:5    | Killed a Killer Klown
106685 | Zot:5    | Received a gift from Okawaru
106854 | Zot:5    | Received a gift from Okawaru
106932 | Zot:5    | Noticed a Killer Klown
106937 | Zot:5    | Noticed an orb of fire
106941 | Zot:5    | Noticed a Killer Klown
106944 | Zot:5    | Gained mutation: You are weak. (Str -2) [an orb of fire]
106945 | Zot:5    | Noticed an ancient lich
106948 | Zot:5    | Gained mutation: You are very weak. (Str -4) [an orb of
                  | fire]
106962 | Zot:5    | Noticed an orb of fire
106964 | Zot:5    | Killed an orb of fire
106968 | Zot:5    | Noticed a dread lich
106973 | Zot:5    | Killed an ancient lich
106974 | Zot:5    | Reached skill level 5 in Translocations
106989 | Zot:5    | Killed a Killer Klown
106999 | Zot:5    | Killed a Killer Klown
107006 | Zot:5    | Gained mutation: You have sharp toenails. [an orb of fire]
107013 | Zot:5    | Killed an orb of fire
107013 | Zot:5    | Identified the +2 arbalest of Gurearri {venom, rPois}
                  | (Okawaru gifted it to you on level 5 of the Realm of Zot)
107013 | Zot:5    | Received a gift from Okawaru
107048 | Zot:5    | Killed a dread lich
107761 | Depths:3 | Voluntarily entered the Abyss.
108114 | Abyss:2  | Found a corrupted altar of Lugonu.
108189 | Abyss:2  | Gained mutation: Your magical capacity is very low. (-20%
                  | MP) [a neqoxec]
108206 | Abyss:2  | Received a gift from Okawaru
108420 | Abyss:2  | Found a corrupted altar of Lugonu.
108612 | Abyss:2  | Gained mutation: Armour fits poorly on your strangely
                  | shaped body. [a neqoxec]
108718 | Depths:3 | Escaped the Abyss
109095 | Depths:3 | Voluntarily entered the Abyss.
109105 | Abyss:2  | Found a corrupted altar of Lugonu.
109224 | Abyss:2  | Gained mutation: You are dopey. (Int -2) [a neqoxec]
109271 | Abyss:3  | Found a corrupted altar of Lugonu.
109357 | Abyss:3  | Learned a level 1 spell: Apportation
109366 | Abyss:3  | Found a corrupted altar of Lugonu.
109368 | Abyss:3  | Got an abyssal rune of Zot
109387 | Depths:3 | Escaped the Abyss
109527 | Depths:3 | Lost mutation: Your magical capacity is very low. (-20% MP)
                  | [potion of mutation]
109527 | Depths:3 | Lost mutation: You sometimes lose the ability to read
                  | scrolls when taking damage. [potion of mutation]
109527 | Depths:3 | Lost mutation: You are very weak. (Str -4) [potion of
                  | mutation]
109527 | Depths:3 | Gained mutation: You possess an exceptional clarity of
                  | mind. [potion of mutation]
109527 | Depths:3 | Gained mutation: You expend magic power (3 MP) to
                  | strengthen your wands. [potion of mutation]
109527 | Depths:3 | Gained mutation: You have razor-sharp toenails. [potion of
                  | mutation]
109528 | Depths:3 | Lost mutation: Your magical capacity is low. (-10% MP)
                  | [potion of mutation]
109528 | Depths:3 | Lost mutation: You expend magic power (3 MP) to strengthen
                  | your wands. [potion of mutation]
109528 | Depths:3 | Lost mutation: You are frail. (-10% HP) [potion of
                  | mutation]
109528 | Depths:3 | Lost mutation: You are dopey. (Int -2) [potion of mutation]
109528 | Depths:3 | Gained mutation: You are agile. (Dex +2) [potion of
                  | mutation]
109626 | Depths:3 | Learned a level 6 spell: Statue Form
109797 | Crypt:1  | Entered Level 1 of the Crypt
109888 | Crypt:1  | Reached skill level 1 in Earth Magic
110265 | Crypt:1  | Reached skill level 1 in Transmutations
111275 | Crypt:1  | Reached skill level 5 in Earth Magic
111523 | Crypt:2  | Identified the +12 quarterstaff "Coinab" {flame, Int+3
                  | Dex+3 SInv} (Okawaru gifted it to you on level 2 of the
                  | Crypt)
111523 | Crypt:2  | Received a gift from Okawaru
111628 | Crypt:2  | Reached skill level 5 in Transmutations
111955 | Crypt:2  | Identified the +7 long sword of Xovophel {freeze, rElec rF+
                  | rN++ Int+4}
112158 | Crypt:2  | Identified the +10 spear of Starshine {vorpal, rElec rPois
                  | Will+ Str-2}
112331 | Crypt:2  | Received a gift from Okawaru
112739 | Crypt:3  | Entered Level 3 of the Crypt
112752 | Crypt:3  | Identified the +1 ring mail "Forget-Me-Not" {+Blink rCorr}
                  | (Okawaru gifted it to you on level 3 of the Crypt)
112752 | Crypt:3  | Received a gift from Okawaru
113812 | Crypt:3  | Found a basalt altar of Yredelemnul.
113812 | Crypt:3  | Noticed an ancient lich
113817 | Crypt:3  | Noticed Mennas
113828 | Crypt:3  | Killed an ancient lich
113859 | Crypt:3  | Killed Mennas
114089 | Crypt:3  | Found the +8 Vampire's Tooth {vamp}
114101 | Crypt:3  | Identified the +1 plate armour "Urus" {Regen+ Stlth+}
114615 | Crypt:3  | Received a gift from Okawaru
114687 | Crypt:3  | Found a staircase to the Tomb.
114969 | Tomb:1   | Entered Level 1 of the Tomb of the Ancients
115162 | Tomb:1   | Reached skill level 10 in Earth Magic
116518 | Tomb:1   | Received a gift from Okawaru
117019 | Tomb:1   | Noticed a royal mummy
117026 | Tomb:1   | Killed a royal mummy
117031 | Tomb:1   | Reached skill level 10 in Transmutations
117706 | Hell     | Entered the Vestibule of Hell
117706 | Hell     | Noticed Geryon
117719 | Arena    | Entered the Arena
117721 | Arena    | Killed Geryon
117748 | Arena    | Entered the Arena
117748 | Arena    | HP: 8/231 [hellephant (26)]
118585 | Arena    | Entered the Arena
120665 | Depths:1 | Identified the +2 ring mail "Dolula" {rF+} (Okawaru gifted
                  | it to you on level 1 of the Depths)
120665 | Depths:1 | Received a gift from Okawaru
122188 | Hell     | Found a gateway to the freezing wastes of Cocytus.
122298 | Hell     | Found a gateway to the Iron City of Dis.
122341 | Hell     | Found a gateway to the ashen valley of Gehenna.
122399 | Hell     | Found a gateway to the decaying netherworld of Tartarus.
122576 | Coc:1    | Entered Level 1 of Cocytus
122622 | Arena    | Entered the Arena
123533 | Tar:1    | Entered Level 1 of Tartarus
124378 | Hell     | Slain by a reaper

Illustrated notes

Levels and vault maps discovered:
D:1:      dpeg_arrival_line_fractal, layout_rooms, serial_shops, shop
D:2:      layout_rooms, dreamdust_ecumenical_altar_hidden_monk_grotto,
          minmay_pentomino_v4
D:3:      layout_loops_ring, hangedman_decor_diamond_cutter
D:4:      layout_cave_pods, biasface_ghost_orc_armoury
D:5:      layout_basic, minmay_temple_entry_junction, serial_undead,
          serial_undead_d, serial_undead_f, serial_undead_b, serial_undead_e,
          serial_undead_c, serial_undead_f, serial_undead_a, serial_undead_a,
          serial_undead_b, serial_undead_c, uniq_edmund, uniq_crazy_yiuf_cottage
D:6:      layout_rooms
D:7:      nicolae_whirlpool, layout_rooms, chequers_serial_rivers_marsh
D:8:      layout_gridville, minmay_bent
D:9:      layout_basic, david_lair_shrubbed
D:10:     cheibrodos_fzero, layout_basic, nemelex_diamond_rough_becter,
          zombieorc2_lemuel, hangedman_ranch, uniq_grum, uniq_josephine
D:11:     layout_cave_pools, uniq_sonja
D:12:     layout_irregular_city, enter_bailey_2
D:13:     layout_roguey
D:14:     layout_roguey, lightli_vaults_fourway_checkpoint,
          grunt_dithmenos_smoke_and_mirrors, minmay_pinched_square
D:15:     grunt_enter_depths_snipers, layout_loops_ring, xom_redecorated
Temple:   mainiacjoe_temple_archimedes_tessellation
Lair:1:   layout_long_grid, portal_ice_cave_entry_pillars_1,
          nicolae_quartered_pool_super, grunt_megastairs_1
Lair:2:   gammafunk_indiana_jones, layout_chaotic_city,
          skrybe_swamp_entry_bodies, grunt_forest_large_clearings
Lair:3:   gammafunk_mikee_crab_dinner, layout_cave_pods,
          infiniplex_staircase_pool
Lair:4:   layout_roguey, guppyfry_snake_entry_garden, beast_lair_carwin_5,
          grunt_megastairs_2
Lair:5:   layout_layer_cave, nicolae_volcano_entry_lava_flow, uniq_kirke
Lair:6:   minmay_lair_end_enchanted_forest, layout_cave_shapes, slime_altar_2,
          lookout_lair_type, minivault_25, patterned_corridor, uniq_snorg
Swamp:1:  layout_basic_swamp, ebering_ghost_inner_flame,
          nicolae_swamp_orc_logging_accident, swamp_pool1
Swamp:2:  layout_basic_swamp, hangedman_swamp_cone, swamp_pool4, uniq_frances
Swamp:3:  layout_falls_marsh, evilmike_swamp_ruin_rubble_1, swamp_pool3,
          uniq_nikola
Swamp:4:  swamp, layout_basic_swamp, uniq_louise
Snake:1:  layout_grid_maze, basic_altar, serial_shops, shop
Snake:2:  layout_onion_interference
Snake:3:  layout_layer_cave, serial_bayou_shore_b
Snake:4:  johnstein_snake_rune_scales, layout_layer_cave,
          nicolae_snake_salamander_zone
Slime:1:  layout_caves
Slime:2:  layout_caves
Slime:3:  nicolae_slime_jelly_donut, layout_caves
Slime:4:  layout_caves, basic_altar, cheibrodos_slime_lost_civilization_6
Slime:5
Orc:1:    layout_caves, special_room [special_room_bee], minmay_orc_temple_c,
          uniq_gastronok
Orc:2:    st_orc_rangers, layout_caves, basic_altar, serial_shops,
          nicolae_shop_crystal, uniq_nessos
Elf:1:    eino_elf_arrival_shootout, layout_loops_cross, serial_shops, shop,
          shop, minmay_elf_demonology
Elf:2:    nicolae_elf_blades_crystal_corner, layout_geoelf_diagonals,
          nicolae_elf_free_trip_to_the_abyss, lemuel_upstairs_altar
Elf:3:    minmay_elf_hall_four_x, layout_loops_ring, ebering_ghost_xom,
          nicolae_elf_stone_circles, grunt_ministairs_6
Vaults:1: v_misc_26, vaults_room_hallway, ontoclasm_vaults_shout,
          hangedman_vaults_snaps, nicolae_vaults_ninety_degrees,
          ontoclasm_vaults_shuriken, grunt_vaults_hallway_long,
          vaults_room_octagon, v_misc_8, ontoclasm_vaults_tryst,
          nicolae_vaults_circle_grid_a, vaults_mumra_chevron, vaults_room_fours,
          layout_vaults_maze
Vaults:2: ontoclasm_vaults_twist, ontoclasm_vaults_hangar,
          grunt_vaults_hallway_long, hangedman_vaults_trim,
          minmay_crypt_entry_necro_gods, v_misc_32,
          hangedman_vaults_stretched_pinwheel, v_misc_10, v_misc_13,
          ontoclasm_vaults_pinch, nicolae_vaults_branching_niches,
          nicolae_vaults_rhombus_6, layout_vaults_omnibox
Vaults:3: grunt_vaults_hallway_long, hangedman_vaults_stretched_pinwheel,
          ontoclasm_vaults_ring_small, ontoclasm_vaults_loading_screen,
          nicolae_vaults_network_square, vaults_dpeg_ring,
          vaults_room_door_ring, nicolae_vaults_border_crossing,
          ontoclasm_vaults_gallery, vaults_room_door_ring, grunt_vaults_twisty,
          nicolae_vaults_three_branches, v_misc_9, dpeg_vaults_monster_box,
          vaults_dpeg_cross, layout_vaults_ring
Vaults:4: nicolae_vaults_little_squares_2, st_eye, hangedman_vaults_unwind,
          vaults_dpeg_encased_lava, vaults_room_pools,
          nicolae_vaults_little_squares_1, ontoclasm_vaults_idyll,
          layout_vaults_omnigrid, serial_shops, bzr_entry_safe, uniq_aizul
Vaults:5: serial_shops, uniq_jory
Crypt:1:  layout_gridlike, st_stairs_10, grunt_megastairs_5,
          grunt_crypt_arrival_webbed
Crypt:2:  hangedman_staggered_hall, layout_rooms, minmay_misc_feat_five,
          nicolae_elevator_lobby_plus
Crypt:3:  cryptofortress_bobbens, uniq_mennas
Tomb:1
Depths:1: hangedman_cross_veins, layout_cave_pools, grunt_hell_entry_dis_mu,
          grunt_pan_entry_in_and_out, minmay_misc_feat_rows,
          nicolae_uskayaw_en_pointe, uniq_sojobo
Depths:2: minmay_triangles_in_corner, layout_basic, enter_ziggurat_a,
          rand_demon_pan_entry_8, hangedman_geh_valley, abyss_entry,
          hellmonk_ghost_big_iron, zin_angel, serial_sigils_hangedman_shear,
          nzn_wu_jian_contemplation
Depths:3: minmay_the_grid_octo_2x2 [minmay_the_grid_octo_teeth,
          minmay_the_grid_octo_checkered, minmay_the_grid_octo_horde,
          minmay_the_grid_octo_prize_square_snowflake], layout_cave_pools,
          skrybe_limestone_x, serial_shops, nicolae_square_shop, abyss_entry,
          hell_entry, infiniplex_staircase_pool_2, serial_bayou_shore_b
Depths:4: evilmike_zot_entry_argh, layout_cave_pools, grunt_pan_entry_spiral,
          chequers_jeans, hell_entry, kennysheep_treasure_room,
          serial_bayou_shore_a
Hell
Coc:1:    layout_cocytus_water_paths
Tar:1:    layout_grid_maze, nicolae_tar_cuneiform_not
Tar:2:    layout_honeycomb, nicolae_hells_fiendish_ambush
Zot:1:    layout_onion, grunt_ministairs_3
Zot:2:    layout_twisted_circle, drop_trap
Zot:3:    ebering_klown_carousel, layout_gridlike
Zot:4:    layout_cathedral_of_symmetry, skrybe_zot_glass_1, grunt_megastairs_3
Zot:5:    layout_gridville

Skill      XL: |  1  2  3  4  5  6  7  8  9 10 11 12 13 14 15 16 17 18 19 20 21 22 23 24 25 26 27 |
---------------+----------------------------------------------------------------------------------+-----
Crossbows      | 3 4 5 6 7 8 9 10 11 12 13 14 15 16 17 18 22 | 22.2
Maces & Flails | 1 2 3 4 5 6 7 8 9 10 11 12 13 14 15 16 18 19 20 21 | 21.4
Fighting       | 2 3 4 5 6 7 8 10 11 12 13 14 15 16 17 18 19 22 | 22.1
Stealth        | 1 2 7 |  7.8
Armour         | 1 3 4 6 7 8 9 11 13 15 16 18 19 20 21 22 23 24 25 27 | 27.0
Invocations    | 3 5 7 9 10 11 13 14 15 16 17 18 19 20 21 23 24 25 | 25.6
Shields        | 4 6 8 9 11 12 13 14 15 18 | 18.2
Dodging        | 6 |  6.2
Hexes          | 11 | 11.9
Spellcasting   | 9 |  9.8
Translocations | 5 |  5.0
Earth Magic    | 13 | 13.0
Transmutations | 12 | 12.0

Action                   |  1- 3 |  4- 6 |  7- 9 | 10-12 | 13-15 | 16-18 | 19-21 | 22-24 | 25-27 || total
-------------------------+-------+-------+-------+-------+-------+-------+-------+-------+-------++-------
Melee: Club              |   101 |    41 |       |       |       |       |       |       |       ||   142
       Unarmed           |    17 |       |       |       |       |       |       |       |     9 ||    26
       Mace              |    26 |    83 |   142 |       |       |       |       |       |       ||   251
       Morningstar       |       |       |   165 |       |       |       |       |       |       ||   165
       Flail             |       |       |   166 |   981 |       |       |       |       |       ||  1147
       Dire flail        |       |       |       |   155 |  1425 |   463 |       |       |       ||  2043
       Great mace        |       |       |       |       |       |   790 |  1105 |  1078 |  2885 ||  5858
       Kick              |       |       |       |       |       |       |       |       |    20 ||    20
       Sacred scourge    |       |       |       |       |       |       |       |       |    11 ||    11
 Fire: Hand crossbow     |    17 |    52 |    56 |    34 |    15 |       |       |       |       ||   174
       Arbalest          |       |       |       |       |   178 |   513 |   577 |   681 |   686 ||  2635
       Triple crossbow   |       |       |       |       |       |       |       |       |   728 ||   728
Throw: Dart              |       |       |    13 |       |       |       |       |       |       ||    13
 Cast: Slow              |     9 |     5 |    44 |       |       |       |       |       |     1 ||    59
       Portal Projectile |       |       |       |       |       |       |       |       |    16 ||    16
       Statue Form       |       |       |       |       |       |       |       |       |     5 ||     5
       Apportation       |       |       |       |       |       |       |       |       |     1 ||     1
Invok: Heroism           |       |       |       |    15 |    10 |    15 |    18 |    10 |    22 ||    90
       Finesse           |       |       |       |     4 |     3 |     2 |     5 |     1 |    12 ||    27
       Duel              |       |       |       |       |       |     1 |     2 |     2 |     8 ||    13
 Abil: Dig               |       |       |       |     5 |     1 |     1 |    11 |     1 |    28 ||    47
Evoke: Wand              |       |       |     2 |    22 |       |       |     3 |       |     1 ||    28
       Phial of floods   |       |       |       |       |       |     1 |       |       |     2 ||     3
  Use: Potion            |       |     1 |       |     6 |       |    14 |     3 |     1 |    36 ||    61
       Scroll            |       |       |       |    13 |     9 |    13 |     6 |     5 |    21 ||    67
 Stab: Sleeping          |       |       |     1 |       |       |       |       |       |       ||     1
       Distracted        |       |       |       |     3 |       |       |       |       |       ||     3
       Invisible         |       |       |       |       |       |     1 |       |       |       ||     1
Armor: Robe              |    43 |    24 |       |       |       |       |       |       |       ||    67
       Leather armour    |       |     5 |   143 |       |       |       |       |       |       ||   148
       Gold dragon scale |       |       |   150 |   472 |   178 |     4 |       |       |       ||   804
       Skin              |       |       |       |    17 |       |       |       |       |   144 ||   161
       Crystal plate arm |       |       |       |   121 |   822 |   709 |   428 |   811 |  1659 ||  4550
Dodge: Dodged            |   114 |    98 |   242 |    93 |   184 |   206 |   158 |   312 |   946 ||  2353
Block: Other             |       |    18 |    82 |       |       |       |       |       |       ||   100
       Kite shield       |       |       |       |   448 |    19 |       |       |       |       ||   467
       Reflection        |       |       |       |    14 |       |       |       |       |       ||    14
       Tower shield      |       |       |       |       |  1624 |  1650 |  1245 |  1967 |  3703 || 10189

Table legend: (Time is in decaauts)
 A = Elapsed time spent in this place.
 B = Non-inter-level travel time spent in this place.
 C = Inter-level travel time spent in this place.
 D = Time resting spent in this place.
 E = Time spent auto-exploring this place.
 F = Levels seen in this place.
 G = Mean time per level.
                   A        B        C        D        E       F      G
               +--------+--------+--------+--------+--------+-----+--------+
         Total | 123253 | 117098 |   6155 |  33410 |  57606 |  86 | 1433.2 |
       Dungeon |  24393 |  21957 |   2436 |   4421 |  11978 |  15 | 1626.2 |
        Temple |     77 |     56 |     21 |      0 |     27 |   1 |   77.0 |
          Lair |  11955 |  11307 |    648 |   2070 |   6611 |   6 | 1992.5 |
         Swamp |   7043 |   6859 |    184 |   1861 |   3774 |   4 | 1760.8 |
     Snake Pit |   8320 |   8076 |    244 |    936 |   5569 |   4 | 2080.0 |
    Slime Pits |   2738 |   2621 |    117 |   1419 |    378 |   5 |  547.6 |
  Orcish Mines |   2484 |   2252 |    232 |    451 |   1033 |   2 | 1242.0 |
   Elven Halls |   7028 |   6755 |    273 |   1144 |   4287 |   3 | 2342.7 |
        Vaults |  16112 |  15711 |    401 |   3613 |   9164 |   5 | 3222.4 |
         Crypt |   5385 |   4859 |    526 |    453 |   3102 |   3 | 1795.0 |
          Tomb |   2182 |   2097 |     85 |    592 |    919 |   1 | 2182.0 |
        Depths |  13685 |  13099 |    586 |   6704 |   4407 |   4 | 3421.2 |
          Hell |   2476 |   2401 |     75 |   1548 |    505 |   1 | 2476.0 |
       Cocytus |     19 |     19 |      0 |      1 |      0 |   1 |   19.0 |
      Tartarus |    305 |    285 |     20 |     42 |    116 |   2 |  152.5 |
           Zot |  11271 |  10967 |    304 |   5109 |   3964 |   5 | 2254.2 |
         Abyss |   1207 |   1207 |      0 |     62 |    508 |   7 |  172.4 |
        Bazaar |    120 |    120 |      0 |      0 |     68 |   1 |  120.0 |
        Bailey |    294 |    294 |      0 |      0 |    147 |   1 |  294.0 |
      Ice Cave |   4294 |   4294 |      0 |   2672 |    662 |   1 | 4294.0 |
       Volcano |    872 |    872 |      0 |    205 |    386 |   1 |  872.0 |
         Arena |    982 |    982 |      0 |    101 |      0 |  13 |   75.5 |
               +--------+--------+--------+--------+--------+-----+--------+

Top non-repeatable levels by time:
Depths:1: 5801 daAuts
Vaults:4: 5131 daAuts
   IceCv: 4294 daAuts
   Elf:3: 3636 daAuts
Vaults:5: 3596 daAuts
     D:9: 3280 daAuts
   Zot:4: 3251 daAuts
  Lair:3: 3117 daAuts
     D:5: 2999 daAuts
 Snake:4: 2987 daAuts
Vaults:2: 2934 daAuts
Depths:2: 2878 daAuts
Depths:3: 2551 daAuts
    D:10: 2501 daAuts
   Zot:1: 2478 daAuts
